 Dungeon Crawl Stone Soup version 0.19.0-18-g426998a (webtiles) character file.

44 MaximumFunGaming the Insei (level 3, -2/28 HPs)
             Began as a Demigod Transmuter on Nov 11, 2016.
             Slain by Sigmund
             ... wielding a +0 scythe
              (10 damage)
             ... on level 3 of the Dungeon.
             The game lasted 00:18:33 (1605 turns).

MaximumFunGaming the Insei (Demigod Transmuter)     Turns: 1605, Time: 00:18:35

Health: -2/28      AC:  3    Str: 15    XL:     3   Next: 22%
Magic:  8/8        EV: 13    Int: 17    God:
Gold:   87         SH:  0    Dex: 16    Spells: 2 memorised, 3 levels left

rFire  . . .     SeeInvis .     m - +0 short sword
rCold  . . .     Gourm    .     b - +0 robe
rNeg   . . .     Faith    .     (no shield)
rPois  .         Spirit   .     (no helmet)
rElec  .         Reflect  .     f - +0 cloak
rCorr  .         Harm     .     (no gloves)
MR     .....                    (no boots)
Stlth  +.........               (no amulet)
                                (no ring)
                                (no ring)

@: no status effects
A: high mp 1
a: no special abilities


You were on level 3 of the Dungeon.
You were not hungry.

You visited 1 branch of the dungeon, and saw 3 of its levels.

You collected 87 gold pieces.

Inventory:

Hand Weapons
 e - a +0 club
 m - a +0 short sword (weapon)
Missiles
 a - 5 arrows
 g - 32 stones (quivered)
Armour
 b - a +0 robe (worn)
 f - a +0 cloak (worn)
Wands
 o - a wand of iceblast (5/15)
Scrolls
 h - a scroll of fog
 i - a scroll of teleportation
 j - a scroll of recharging
 k - a scroll of identify
Potions
 d - a potion of curing
 l - a potion of lignification {I AM GROOT}
Books
 c - a book of Changes

   Spells                             Type                      Level
   a - Beastly Appendage              Transmutation                1
   b - Sticks to Snakes               Transmutation                2
   c - Spider Form                    Transmutation/Poison         3
   d - Ice Form                       Ice/Transmutation            4
   e - Blade Hands                    Transmutation                5
Comestibles
 n - 5 chunks of flesh


   Skills:
 + Level 1.0 Fighting
 + Level 0.3 Short Blades
 + Level 0.6 Maces & Flails
 + Level 2.1 Dodging
 + Level 3.0 Unarmed Combat
 + Level 2.1 Spellcasting
 + Level 2.2 Transmutations


You had 3 spell levels left.
You knew the following spells:

 Your Spells              Type           Power        Failure   Level  Hunger
a - Beastly Appendage     Tmut           #.....       10%         1    #......
b - Sticks to Snakes      Tmut           #.......     14%         2    ###....


Dungeon Overview and Level Annotations

Branches:
Dungeon (3/15)

Annotations:
D:3 Sigmund


Innate Abilities, Weirdness & Mutations

You have an increased reservoir of magic. (+10% MP)


Message History

You barely miss Sigmund.
Sigmund is almost dead.
Sigmund splashes around in the water.
You're too confused to cast spells.
You're too confused!
You're too confused to move!
The frilled lizard bites you.
Your unstable footing causes you to fumble your attack.
Sigmund gestures at you while chanting. The magic dart hits you!
The frilled lizard bites you but does no damage.
Sigmund closely misses you.
The frilled lizard completely misses you.
You feel less confused.
Sigmund casts a spell.
Sigmund flickers and vanishes!
Deactivating autopickup; reactivate with Ctrl-A.
The frilled lizard bites you.
* * * LOW HITPOINT WARNING * * *
Something hits you!
You die...

......#.##.####.#
.....#.##..# #.#
......♣..P###.#
##.P...≈≈......#
##.♣..♣≈♣≈≈...P.##
#P....♣≈≈≈(P.....#
#....{≈≈≈≈)...##.#
♣≈l♣≈♣.PP#....#
#...♣@≈♣..P...#...≈
###...♣..P##..≈PPPPP
#......>####
≈P≈P≈♣≈≈ #.......#
PP♣≈≈≈ #.......P
≈♣≈≈P≈ #......P.P
P.≈# #......PP≈
#......P≈≈♣ ......P


You could see a frilled lizard.

Vanquished Creatures
  A worm (D:3)
  3 dart slugs
  A ball python (D:1)
  4 bats (D:1)
  A giant cockroach (D:2)
  5 goblins
  6 hobgoblins
  2 jackals (D:1)
  3 frilled lizards (D:1)
  5 kobolds
  2 rats (D:1)
33 creatures vanquished.

Vanquished Creatures (collateral kills)
  A rat (D:2)
1 creature vanquished.

Grand Total: 34 creatures vanquished

Notes
Turn   | Place    | Note
-------+----------+-------------------------------------------
     0 | D:1      | MaximumFunGaming the Demigod Transmuter began the quest for the Orb.
     0 | D:1      | Reached XP level 1. HP: 15/15 MP: 5/5
   480 | D:1      | Reached XP level 2. HP: 21/22 MP: 5/7
   484 | D:1      | Learned a level 2 spell: Sticks to Snakes
   641 | D:1      | Reached skill level 3 in Unarmed Combat
  1019 | D:2      | Found a shattered altar of Ashenzari.
  1096 | D:2      | Found a sacrificial altar of Ru.
  1271 | D:1      | Reached skill level 1 in Fighting
  1289 | D:1      | Reached XP level 3. HP: 28/28 MP: 8/8
  1592 | D:3      | Noticed Sigmund
  1605 | D:3      | Slain by Sigmund

Skill      XL: |  1  2 |
---------------+-------+-----
Transmutations | 2 |  2.2
Unarmed Combat | 3 |  3.0
Dodging        | 2 |  2.1
Spellcasting   | 2 |  2.1
Fighting       | 1 |  1.0
Short Blades   | |  0.3
Maces & Flails | |  0.6

Action                   || total
-------------------------++-------
Melee: Club              ||    67
       Unarmed           ||     3
       Headbutt          ||     5
       Punch             ||     1
       Short sword       ||    40
       Kick              ||     5
Throw: Stone             ||    11
 Cast: Beastly Appendage ||    35
       Sticks to Snakes  ||     7
 Abil: End Transformatio ||     8
Evoke: Wand              ||     1
  Use: Scroll            ||     6
       Potion            ||     2
 Stab: Sleeping          ||     1
  Eat: Bread ration      ||     1
Armor: Robe              ||    22
Dodge: Dodged            ||   104
